 Dungeon Crawl Stone Soup version 0.27-a0-1101-ge311f74bc8 (webtiles) character file.

Game seed: 1397887668771416138

4674 robertstho the Thaumaturge (level 10, -1/70 HPs)
             Began as a Djinni Fire Elementalist on Apr 28, 2021.
             Was an Initiate of Ashenzari.
             Killed from afar by Harold (8 damage)
             ... with a harpoon shot
             ... on level 7 of the Dungeon.
             The game lasted 00:13:18 (8448 turns).

robertstho the Thaumaturge (DjFE)                   Turns: 8448, Time: 00:13:19

Health: -1/70      AC:  4    Str:  7    XL:     10   Next: 44%
Gold:   424        EV: 15    Int: 19    God:    Ashenzari [......] SH:  0 Dex: 15

rFire    + + +     SeeInvis .   m - +2 scythe (protect)
rCold    x . .     Faith    .   (shield currently unavailable)
rNeg     . . .     Spirit   .   a - +0 robe
rPois    ∞         Reflect  .   f - +2 hat of the Cursed Atheism {Cun, Self} (curse)
rElec    .         Harm     .   (no cloak)
rCorr    .         Rampage  .   (no gloves)
Will     +....                  (boots unavailable)
Stlth    +++.......             (no amulet)
HPRegen  0.21/turn              w - ring of wizardry
MPRegen  0.00/turn              h - ring of protection from fire

@: flying, hasted, very quick
A: fire resistance 2, cold vulnerability 1, float, innate caster, hp casting,
extra vitality 1
a: Renounce Religion, Shatter the Chains


You were on level 7 of the Dungeon.
You worshipped Ashenzari.
Ashenzari was noncommittal.
You visited 2 branches of the dungeon, and saw 8 of its levels.

You collected 424 gold pieces.

Inventory:

Hand Weapons
 g - a +0 hand axe
 m - a +2 scythe of protection (weapon)
 r - a +2 short sword of flaming
Missiles
 e - 2 throwing nets
 y - 8 curare-tipped darts
Armour
 a - a +0 robe (worn)
 f - the cursed +2 hat of the Cursed Atheism (worn) {Cun, Self}
   (You found it on level 1 of the Dungeon)

   It has a curse which improves the following skills: Cunning: Dodging and
   Stealth.
   Introspection: Fighting and Spellcasting.
Jewellery
 h - a ring of protection from fire (right hand)
 w - a ring of wizardry (left hand)
Wands
 d - a wand of polymorph (7)
 n - a wand of digging (4)
 s - a wand of flame (17)
 x - a wand of charming (9)
Scrolls
 o - a scroll of holy word
 t - a scroll of immolation
 v - a scroll of fog
Potions
 b - a potion of berserk rage
 c - a potion of cancellation
 k - a potion of magic
 l - 2 potions of attraction
 p - 4 potions of resistance
 q - a potion of haste
 u - a potion of lignification
 z - a potion of brilliance


   Skills:
 + Level 4.8(5.3) Fighting
 + Level 2.9 Polearms
 + Level 4.5 Armour
 + Level 6.1(6.6) Dodging
 + Level 5.2(5.7) Stealth
 + Level 10.4(10.8) Spellcasting
 + Level 4.5 Evocations


You had 6 spell levels left.
You knew the following spells:

 Your Spells              Type           Power      Damage    Failure   Level
a - Foxfire               Conj/Fire      100%       2x1d9     1%          1
b - Conjure Flame         Conj/Fire      51%        6-21      1%          3
c - Inner Flame           Hex/Fire       51%        N/A       1%          3
d - Sticky Flame          Conj/Fire      51%        2d7       1%          4
e - Fireball              Conj/Fire      25%        3d11      1%          5
f - Pain                  Necr           100%       1d9       1%          1
g - Blink                 Tloc           N/A        N/A       1%          2
h - Ensorcelled Hibernat  Hex/Ice        100%       N/A       1%          2
i - Summon Guardian Gole  Hex/Summ       51%        N/A       1%          3
Your spell library was empty.

Dungeon Overview and Level Annotations

Branches:
Dungeon (7/15)             Temple (1/1) D:5

Altars:
Ashenzari
Cheibriados
Dithmenos
Elyvilon
Fedhas
Gozag
Hepliaklqana
Kikubaaqudgha
Makhleb
Nemelex Xobeh
Okawaru
Qazlal
Ru
Sif Muna
Trog
Uskayaw
Wu Jian
Zin
The Shining One

Annotations:
D:5 2 transporters, Shayle's ghost, weakling DjDe
D:7 Harold


Innate Abilities, Weirdness & Mutations

You are immune to poison.
Your flesh is very heat resistant. (rF++)
You are vulnerable to cold. (rC-)
You float through the air rather than walking.
You learn spells naturally, not from books.
Your magical power is your life essence.
You have superior vitality. (+4 HP)


Message History

Aim: a kobold, wielding a +0 dagger (100% to hit)
The sticky flame hits the kobold!
You kill the kobold!
The kobold brigand burns!
The kobold brigand hits you with a +0 vampiric whip.
You slash the kobold brigand!
Your weapon exudes an aura of protection.
You kill the kobold brigand!
Harold the Weathered comes into view.
He is wielding a +0 mace.
Harold is nearby!
Harold is nearby!
Harold is nearby!
Harold is nearby!
Casting: Sticky Flame (safe; 1% risk of failure)
Confirm with . or Enter, or press ? or * to list all spells.
Aiming: Sticky Flame (safe; 1% risk of failure)
Press: ? - help, Shift-Dir - straight line, f - Harold
Aim: Harold, wielding a +0 mace, wearing a +0 ring mail and quivering 3 throwing nets (100% to hit)
The sticky flame hits Harold!
Harold is lightly wounded.
Harold is covered in liquid flames!
Harold burns!
Harold closely misses you.
You barely miss Harold.
Harold is lightly wounded.
Harold burns! x2; Harold hits you with a +0 mace! x2
* * * LOW HITPOINT WARNING * * *
You feel better.
Harold burns!
Harold hits you with a +0 mace!!
* * * LOW HITPOINT WARNING * * *
You feel better.
Harold burns!
Harold hits you with a +0 mace!
* * * LOW HITPOINT WARNING * * *
Blink to where?
Press: ? - help, Dir - move target, p - Harold
As you read the scroll of blinking, it crumbles to dust.
Harold burns!
Harold stops burning.
Found a potion of ambrosia.
Okay, then.
Okay, then.
You feel yourself speed up. Harold fires a harpoon shot at you.
The harpoon shot hits you!
You die...

#. ##. ....
.....
.....####+##
...........#
...!.......#
.......@...#
........#+##
.....##.#.#
.... #.#.##
### #.).)#
#@)).#
#.)))# #.#<#
###


You could see Harold.

Vanquished Creatures
  Pikel (D:4)
  Grinder (D:4)
  Sigmund (D:3)
  Menkaure (D:4)
  A water moccasin (D:6)
  A sky beast (D:5)
  An orc warrior (D:5)
  2 black bears
  7 centaurs (D:6)
  A lemure (D:4)
  A kobold brigand (D:7)
  A bullfrog (D:6)
  A wyvern zombie (D:5)
  A scorpion (D:6)
  2 gnoll sergeants (D:5)
  A water moccasin zombie (D:6)
  A water moccasin skeleton (D:5)
  A howler monkey (D:6)
  A gnoll shaman (D:4)
  3 hounds
  2 jellies
  3 orc priests
  2 bullfrog skeletons (D:6)
  A centaur skeleton (D:5)
  A scorpion zombie (D:4)
  Natasha (twice) (D:4)
  2 orc wizards
  9 adders
  15 gnolls
  A worm (D:2)
  2 dart slugs (D:3)
  9 orcs
  3 bats
  6 endoplasms
  4 giant cockroaches
  2 goblins
  5 hobgoblins
  17 jackals
  12 kobolds
  5 quokkas
  5 ball pythons
  2 frilled lizards
  3 rats
143 creatures vanquished.

Vanquished Creatures (others)
  An ogre (D:5)
  409 foxfires
  6 plants (D:5)
416 creatures vanquished.

Grand Total: 559 creatures vanquished

Notes
Turn   | Place    | Note
-------+----------+-------------------------------------------
     0 | D:1      | robertstho the Djinni Fire Elementalist began the quest for
                  | the Orb.
     0 | D:1      | Reached XP level 1. HP: 15/15 MP: 0/0
   131 | D:1      | Found a faded altar of an unknown god.
   227 | D:1      | Reached skill level 3 in Spellcasting
   351 | D:1      | Reached XP level 2. HP: 17/21 MP: 0/0
   878 | D:2      | Reached XP level 3. HP: 7/25 MP: 0/0
   878 | D:2      | Learned a level 1 spell: Pain
  1715 | D:2      | Reached skill level 4 in Spellcasting
  1715 | D:2      | Reached XP level 4. HP: 24/31 MP: 0/0
  2250 | D:3      | Noticed Sigmund
  2257 | D:3      | Killed Sigmund
  2258 | D:3      | Reached skill level 5 in Spellcasting
  2258 | D:3      | Reached XP level 5. HP: 28/35 MP: 0/0
  2258 | D:3      | Learned a level 2 spell: Blink
  2258 | D:3      | Reached XP level 6. HP: 33/40 MP: 0/0
  3392 | D:4      | Reached skill level 6 in Spellcasting
  3428 | D:4      | Reached XP level 7. HP: 8/45 MP: 0/0
  3428 | D:4      | Learned a level 2 spell: Ensorcelled Hibernation
  3780 | D:4      | Noticed Grinder
  3805 | D:4      | Killed Grinder
  3997 | D:4      | Noticed Pikel
  4011 | D:4      | Killed Pikel
  4012 | D:4      | Reached skill level 7 in Spellcasting
  4012 | D:4      | Reached XP level 8. HP: 32/51 MP: 0/0
  4470 | D:4      | Noticed Natasha
  4474 | D:4      | Killed Natasha
  4503 | D:4      | Found an opulent altar of Gozag.
  4505 | D:4      | Noticed Natasha
  4585 | D:4      | Reached skill level 8 in Spellcasting
  4624 | D:4      | Reached skill level 1 in Fighting
  4735 | D:5      | Entered Level 5 of the Dungeon
  4925 | D:5      | Found a staircase to the Ecumenical Temple.
  4930 | Temple   | Entered the Ecumenical Temple
  5297 | Temple   | Became a worshipper of Ashenzari the Shackled
  5302 | Temple   | Reached skill level 5 in Dodging
  5302 | Temple   | Reached skill level 5 in Stealth
  5302 | Temple   | Reached skill level 9 in Spellcasting
  5302 | Temple   | Reached XP level 9. HP: 63/63 MP: 0/0
  5302 | Temple   | Learned a level 3 spell: Summon Guardian Golem
  5849 | D:5      | Reached XP level 10. HP: 16/69 MP: 0/0
  6289 | D:5      | Found a transporter.
  6332 | D:5      | Found a transporter.
  6341 | D:5      | Noticed Shayle's ghost (weakling DjDe)
  6342 | D:5      | Identified the amulet "Caomuoti" {+Inv Regen+ Int-4 SInv}
  6346 | D:5      | Identified the +0 buckler of Complete Protection {rC+
                  | Str+3}
  6533 | D:4      | Noticed Menkaure
  6536 | D:4      | Killed Menkaure
  6541 | D:4      | Killed Natasha
  6904 | D:6      | Found a shadowy altar of Dithmenos.
  6938 | D:6      | Reached skill level 10 in Spellcasting
  8442 | D:7      | Noticed Harold
  8448 | D:7      | Killed from afar by Harold

Illustrated notes

Levels and vault maps discovered:
D:1:      minmay_arrival_hallway, layout_rooms, ebering_ecumenical_altar_ruins
D:2:      layout_basic
D:3:      layout_loops_ring, st_stairs_3, kennysheep_generic_room_10,
          uniq_sigmund
D:4:      layout_loops_ring, nicolae_overflow_hidden_temple,
          amcnicky_mini_pool_small, uniq_pikel, uniq_grinder, uniq_menkaure,
          uniq_natasha
D:5:      layout_basic, general_overflow_altar, minmay_temple_entry_mini_moons,
          gammafunk_ghost_gnarly_gnolls, minmay_stone_trees_small,
          grunt_tough_drop
D:6:      layout_layer_cave, nicolae_overflow_crystal_walls, centaur_isle
D:7:      layout_basic, vehumet_statue, xom_redecorated, kennysheep_little_box,
          minmay_unpleasant_kobolds, uniq_harold
Temple:   nicolae_temple_elliptical

Skill      XL: |  1  2  3  4  5  6  7  8  9 10 |
---------------+-------------------------------+-----
Spellcasting   | 3 4 5 6 7 9 10 | 10.4
Stealth        | 2 5 |  5.2
Dodging        | 3 5 6 |  6.1
Fighting       | 4 |  4.8
Polearms       | 2 |  2.9
Armour         | 4 |  4.5
Evocations     | 4 |  4.5

Action                   |  1- 3 |  4- 6 |  7- 9 | 10-12 || total
-------------------------+-------+-------+-------+-------++-------
Melee: Hand axe          |     1 |       |       |       ||     1
       Scythe            |       |       |     4 |     5 ||     9
 Cast: Foxfire           |    67 |    99 |    92 |     4 ||   262
       Fireball          |       |     1 |    17 |    26 ||    44
       Sticky Flame      |       |       |     8 |     6 ||    14
       Summon Guardian G |       |       |     1 |       ||     1
Invok: Curse Item        |       |       |       |     1 ||     1
  Use: Scroll            |     2 |       |     2 |     1 ||     5
       Potion            |       |     2 |     1 |     3 ||     6
Armor: Robe              |     4 |     2 |     1 |       ||     7
Dodge: Dodged            |     5 |     6 |    22 |    15 ||    48

Table legend: (Time is in decaauts)
 A = Elapsed time spent in this place.
 B = Non-inter-level travel time spent in this place.
 C = Inter-level travel time spent in this place.
 D = Time resting spent in this place.
 E = Time spent auto-exploring this place.
 F = Levels seen in this place.
 G = Mean time per level.
                   A        B        C        D        E       F      G
               +--------+--------+--------+--------+--------+-----+--------+
         Total |   8458 |   8254 |    204 |   1493 |   5943 |   8 | 1057.2 |
       Dungeon |   8073 |   7901 |    172 |   1283 |   5806 |   7 | 1153.3 |
        Temple |    384 |    352 |     32 |    210 |    137 |   1 |  384.0 |
               +--------+--------+--------+--------+--------+-----+--------+

Top non-repeatable levels by time:
     D:4: 2005 daAuts
     D:6: 1803 daAuts
     D:3: 1188 daAuts
     D:1: 1080 daAuts
     D:2: 1010 daAuts
     D:5: 970 daAuts
  Temple: 384 daAuts
     D:7: 14 daAuts
